 Dungeon Crawl Stone Soup version 0.17-a0-483-g810ce3f (console) character file.

940 Garrluk the Covered (level 8, -3/44 HPs)
             Began as a Gargoyle Warper on Apr 8, 2015.
             Was an Initiate of Cheibriados.
             Slain by an orc warrior
             ... wielding a +0 trident
              (18 damage)
             ... on level 5 of the Dungeon.
             The game lasted 00:23:01 (4918 turns).

Garrluk the Covered (Gargoyle Warper)               Turns: 4918, Time: 00:23:02

Health: -3/44      AC: 11    Str: 17    XL:     8   Next: 12%
Magic:  11/11      EV: 11    Int: 16    God:    Cheibriados [......]
Gold:   217        SH:  0    Dex: 10    Spells: 3 memorised, 6 levels left

rFire  . . .     SeeInvis .     n - +0 flail
rCold  . . .     Clarity  .     b - +0 leather armour
rNeg   + . .     SustAb   .     (no shield)
rPois  ∞         Gourm    .     z - +0 helmet
rElec  +         Spirit   .     (no cloak)
rCorr  .         Warding  .     x - +0 pair of gloves
rMut   .         Stasis   .     (no boots)
MR     +....                    (no amulet)
Stlth  +.........               (no ring)
                                (no ring)

@: very slow, somewhat resistant to hostile enchantments, very unstealthy
A: magic resistance 1, negative energy resistance 1, electricity resistance,
unbreathing, petrification resistance, no device heal 1, rot immunity, AC +5
a: Bend Time, Renounce Religion


You were on level 5 of the Dungeon.
You worshipped Cheibriados.
Cheibriados was noncommittal.
You were not hungry.

You visited 2 branches of the dungeon, and saw 6 of its levels.

You collected 217 gold pieces.

Notes
Turn   | Place    | Note
--------------------------------------------------------------
     0 | D:1      | Garrluk, the Gargoyle Warper, began the quest for the Orb.
     0 | D:1      | Reached XP level 1. HP: 12/12 MP: 3/3
   143 | D:1      | Reached XP level 2. HP: 9/17 MP: 5/5
   147 | D:1      | Learned a level 2 spell: Blink
   257 | D:1      | Learned a level 2 spell: Shroud of Golubria
   398 | D:1      | Reached XP level 3. HP: 9/21 MP: 4/6
   751 | D:2      | Reached skill level 3 in Maces & Flails
  1042 | D:2      | Reached XP level 4. HP: 22/26 MP: 7/7
  1062 | D:2      | Found a bloodstained altar of Trog.
  1062 | D:2      | Noticed Terence
  1079 | D:2      | Killed Terence
  1213 | D:2      | Found a shimmering altar of Xom.
  1214 | D:2      | Found a sparkling altar of Nemelex Xobeh.
  1584 | D:3      | Found an opulent altar of Gozag.
  1734 | D:3      | Reached XP level 5. HP: 25/30 MP: 8/8
  1737 | D:3      | Found a deep blue altar of Sif Muna.
  1763 | D:3      | Reached skill level 4 in Armour
  2377 | D:4      | Reached XP level 6. HP: 15/35 MP: 9/9
  3284 | D:4      | Noticed Sigmund
  3309 | D:4      | Killed Sigmund
  3309 | D:4      | Reached skill level 5 in Armour
  3309 | D:4      | Reached XP level 7. HP: 29/40 MP: 10/10
  3451 | D:4      | Noticed Robin
  3483 | D:4      | Killed Robin
  3638 | D:4      | Noticed floatRand's ghost (average SpGl)
  3649 | D:5      | Entered Level 5 of the Dungeon
  3663 | D:5      | Reached skill level 5 in Maces & Flails
  4134 | D:5      | Gained mutation: You are resistant to hostile enchantments. [mutagenic meat]
  4135 | D:5      | Gained mutation: Potions and wands are less effective at restoring your health. [mutagenic meat]
  4171 | D:5      | Reached skill level 6 in Armour
  4315 | D:5      | Reached XP level 8. HP: 34/44 MP: 11/11
  4460 | D:5      | Found a blossoming altar of Fedhas.
  4461 | D:5      | Found an ancient bone altar of Kikubaaqudgha.
  4503 | D:5      | Found a basalt altar of Yredelemnul.
  4523 | D:5      | Found a staircase to the Ecumenical Temple.
  4533 | Temple   | Entered the Ecumenical Temple
  4669 | Temple   | Became a worshipper of Cheibriados the Contemplative
  4918 | D:5      | Slain by an orc warrior

Inventory:

Hand weapons
 a - a +0 mace
 k - a -1 blowgun
   (You took it off a kobold on level 4 of the Dungeon)
 m - a +0 whip
   (You took it off a gnoll on level 1 of the Dungeon)
 n - a +0 flail (weapon)
   (You took it off Terence on level 2 of the Dungeon)
Missiles
 e - 3 tomahawks of dispersal
 h - 36 poisoned needles
 r - 2 tomahawks
 s - 2 javelins (quivered)
Armour
 b - a +0 leather armour (worn)
 g - a +0 helmet
   (You found it on level 1 of the Dungeon)
 w - a +0 pair of gloves
   (You found it on level 4 of the Dungeon)
 x - a +0 pair of gloves (worn)
   (You found it on level 4 of the Dungeon)
 z - a +0 helmet (worn)
   (You took it off Robin on level 4 of the Dungeon)
Magical staves
 q - an uncursed staff of poison
   (You found it on level 2 of the Dungeon)
Magical devices
 v - a wand of teleportation (5)
   (You took it off a hobgoblin on level 3 of the Dungeon)
 D - a wand of lightning (7)
   (You found it on level 5 of the Dungeon)
Scrolls
 d - 3 scrolls of blinking
 i - 6 scrolls of identify
 t - 2 scrolls of remove curse
 y - a scroll of recharging
 A - a scroll of enchant armour {unknown}
 B - a scroll of fear {unknown}
Potions
 l - 4 potions of curing {cure}
 o - a potion of magic
 u - a potion of lignification
 C - a potion of ambrosia {unknown}
 F - a potion of haste {unknown}
Books
 c - a book of Spatial Translocations

   Spells                             Type                      Level
   a - Apportation                    Translocation                1
   b - Blink                          Translocation                2
   c - Shroud of Golubria             Charms/Translocation         2
   d - Portal Projectile              Translocation                3
   e - Teleport Other                 Translocation                3
   f - Passage of Golubria            Translocation                4
Comestibles
 f - 5 bread rations
 p - a beef jerky
 E - 4 chunks of flesh

Table legend:
 A = Turns spent in this place as a percentage of turns spent in the entire game.
 B = Non-inter-level travel turns spent in this place as a percentage of non-inter-level travel turns spent in the entire game.
 C = Inter-level travel turns spent in this place as a percentage of turns spent in this place.
 D = Turns resting spent in this place as a percentage of non-inter-level travel turns spent in this place.
 E = Turns spent auto-exploring this place as a percentage of non-inter-level travel turns spent in this place.
 F = Non-inter-level travel turns spent in this place divided by the number of levels of this place that you've seen.
                   A       B       C       D       E      F
               +-------+-------+-------+-------+-------+----------------------
         Total | 100.0 | 100.0 |   0.3 |   1.2 |   6.2 | 351.3
       Dungeon |  99.2 |  99.3 |   0.2 |   1.2 |   5.7 | 418.6
        Temple |   0.8 |   0.7 |  11.8 |   0.0 |  66.7 |  15.0
               +-------+-------+-------+-------+-------+----------------------


   Skills:
 - Level 2.1 Fighting
 * Level 6.0 Maces & Flails
 - Level 1.0 Throwing
 * Level 6.5 Armour
 - Level 1.5 Dodging
 - Level 2.0 Spellcasting
 + Level 4.2 Translocations


You had 6 spell levels left.
You knew the following spells:

 Your Spells              Type           Power        Failure   Level  Hunger
a - Apportation           Tloc           ###.......   6%          1    #......
b - Blink                 Tloc           N/A          10%         2    ###....
c - Shroud of Golubria    Chrm/Tloc      #.........   17%         2    ###....


Dungeon Overview and Level Annotations

Branches:
Dungeon (5/15)             Temple (1/1) D:5

Altars:
Ashenzari
Cheibriados
Fedhas
Gozag
Kikubaaqudgha
Makhleb
Nemelex Xobeh
Okawaru
Ru
Sif Muna
Trog
Vehumet
Xom
Yredelemnul
The Shining One

Annotations:
D:4 floatRand's ghost, average SpGl


Innate Abilities, Weirdness & Mutations

You are resistant to torment.
Your stone body is resilient (AC +5).
You are immune to poison.
You resist negative energy.
You are resistant to electric shocks.
You can survive without breathing.
You are immune to petrification.
You are immune to rotting.
You are resistant to hostile enchantments.
Potions and wands are less effective at restoring your health.


Message History

You barely miss the orc warrior.
The orc warrior is severely wounded.
The orc warrior hits you with a trident.
* * * LOW HITPOINT WARNING * * *
Drink which item? (? for menu, Esc to quit)
You feel much better.
The orc warrior hits you but does no damage.
You closely miss the orc warrior.
The orc warrior is severely wounded.
The orc warrior hits you with a trident!
* * * LOW HITPOINT WARNING * * *
Drink which item? (? for menu, Esc to quit)
You feel much better.
You hit the orc warrior but do no damage.
The orc warrior is severely wounded.
The orc warrior hits you with a trident.
You hit the orc warrior.
The orc warrior is almost dead.
The orc warrior hits you with a trident!!
You die...

...####.# #.###..# ........#
#......# ######### ###.####.#
##...####.#
#########..>......#
#......(......#####
#.#########...# #.# ##..# #.#
#..# #.##########..#
#......@o.....#
#.##########)########
####..#########.........
##.###.#.................
######....._).###.##.....###b.
..........#.#####.###.####
..................# ###
#####.#.#.#.####..# ##...##.#
##.).(o$... ##.###.# #b#.8o...
#.# #.# #.#.##8..


You could see an orc warrior.

Table legend:
 A = Kills in this place as a percentage of kills in entire the game.
 B = Kills by you in this place as a percentage of kills by you in the entire game.
 C = Kills by friends in this place as a percentage of kills by friends in the entire game.
 D = Other kills in this place as a percentage of other kills in the entire game.
 E = Experience gained in this place as a percentage of experience gained in the entire game.
 F = Experience gained in this place divided by the number of levels of this place that you have seen.
                   A       B       C       D       E      F
               +-------+-------+-------+-------+-------+----------------------
         Total | 100.0 | 100.0 |  -nan |  -nan | 100.0 | 224.0
       Dungeon | 100.0 | 100.0 |  -nan |  -nan | 100.0 | 268.8
               +-------+-------+-------+-------+-------+----------------------

Vanquished Creatures
  Monster Symbol All '5'
  2 crimson imps (D:5)
  A quasit (D:5)
3 creatures vanquished. All '@' Sigmund (D:4) Terence (D:2)
2 creatures vanquished. All 'K' 18 kobolds
18 creatures vanquished. All 'S' 5 adders 2 ball pythons
7 creatures vanquished. All 'Y' A sky beast (D:5)
1 creature vanquished. All 'Z' A centaur zombie (D:5) A bat skeleton (D:5) A quokka zombie (D:5)
3 creatures vanquished. All 'b' 13 bats A butterfly (D:5)
14 creatures vanquished. All 'c' A centaur (D:5)
1 creature vanquished. All 'g' 5 gnolls Robin (D:4) 15 goblins 19 hobgoblins
40 creatures vanquished. All 'h' 3 hounds 2 jackals (D:1)
5 creatures vanquished. All 'l' A giant gecko (D:4) 5 giant newts
6 creatures vanquished. All 'o' An orc wizard (D:3) 10 orcs
11 creatures vanquished. All 'r' 4 quokkas 6 rats
10 creatures vanquished. All 's' 2 scorpions (D:4) 5 giant cockroaches
7 creatures vanquished. All 'w' 5 worms
5 creatures vanquished.
133 creatures vanquished. Monster Nature Uniques Sigmund (D:4) Terence (D:2) Robin (D:4)
3 creatures vanquished. Natural Monsters A sky beast (D:5) A centaur (D:5) 2 scorpions (D:4) 3 hounds An orc wizard (D:3) 5 gnolls 5 adders 5 worms 10 orcs 2 ball pythons 15 goblins 19 hobgoblins 2 jackals (D:1) 4 quokkas 13 bats 5 giant cockroaches A giant gecko (D:4) 5 giant newts 18 kobolds 6 rats A butterfly (D:5)
124 creatures vanquished. Undead Monsters A centaur zombie (D:5) A bat skeleton (D:5) A quokka zombie (D:5)
3 creatures vanquished. Demonic Monsters 2 crimson imps (D:5) A quasit (D:5)
3 creatures vanquished.
133 creatures vanquished. Ascending Order Sigmund (D:4) A sky beast (D:5) A centaur (D:5) A centaur zombie (D:5) A quasit (D:5) An orc wizard (D:3) Terence (D:2) Robin (D:4) A bat skeleton (D:5) A quokka zombie (D:5) A giant gecko (D:4) A butterfly (D:5) 2 scorpions (D:4) 2 crimson imps (D:5) 2 jackals (D:1) 2 ball pythons 3 hounds 4 quokkas 5 gnolls 5 adders 5 worms 5 giant cockroaches 5 giant newts 6 rats 10 orcs 13 bats 15 goblins 18 kobolds 19 hobgoblins
133 creatures vanquished.

Action                   |  1- 3 |  4- 6 |  7- 9 || total
-------------------------+-------+-------+-------++-------
Melee: Mace              |   121 |   129 |   366 ||   616
       Whip              |    14 |       |    10 ||    24
       Flail             |       |   131 |    22 ||   153
 Fire: Blowgun           |       |    16 |       ||    16
Throw: Javelin           |     6 |     9 |     5 ||    20
       Tomahawk          |     2 |       |       ||     2
 Cast: Blink             |     1 |       |     2 ||     3
  Use: Scroll            |       |     5 |     1 ||     6
       Potion            |       |     2 |     5 ||     7
  Eat: Chunk             |     1 |     7 |     9 ||    17
